Cogmind - Beta 15 @@@ ROGUE MODE // 2025.07.25 @ 22:34:50 Player: Florist Result: Destroyed by D2-V9V(R) with Subdweller Shrapnel Launcher Performance ------------- Evolutions (0) 0 Regions Visited (2) 400 Robots Destroyed (32) 160 Value Destroyed (624) 624 Prototype IDs (1) 20 Alien Tech Used (0) 0 Bonus (0) 0 TOTAL SCORE: 1204 Bonus ------- None Cogmind --------- Core Integrity 0/250 Matter 263/300 Energy 100/100 System Corruption 1% Temperature Cool (0) Movement Treading (240) Ox1 Location -10/Subcaves Parts ------- > --- POWER (1) -------- (None) > --- PROPULSION (2) --- Light Treads Light Treads > --- UTILITY (2) ------ High-capacity Storage Unit Seismic Detector > --- WEAPON (2) ------- Improved Assault Rifle Improved Assault Rifle > --- INVENTORY (20) --- Light Treads Light Treads Wheel High-capacity Storage Unit Signal Interpreter Hacking Suite Hacking Suite Particle Cannon Particle Cannon Assault Rifle Assault Rifle Assault Rifle Light Assault Rifle Subdweller Machine Gun Grenade Launcher Maul Peak State ------------ > --- POWER ------------ Light Ion Engine > --- PROPULSION ------- Light Treads Wheel > --- UTILITY ---------- High-capacity Storage Unit Seismic Detector > --- WEAPON ----------- Improved Assault Rifle Improved Assault Rifle > --- INVENTORY -------- Light Treads Light Treads Light Treads Wheel High-capacity Storage Unit Signal Interpreter Hacking Suite Hacking Suite Particle Cannon Particle Cannon Assault Rifle Assault Rifle Assault Rifle Light Assault Rifle Grenade Launcher Maul [Rating: 13] Favorites ----------- Power Light Ion Engine Engine Light Ion Engine Propulsion Light Treads Treads Light Treads Wheel Wheel Utility Seismic Detector Device Seismic Detector Storage High-capacity Storage Unit Weapon Improved Assault Rifle Ballistic Gun Improved Assault Rifle Launcher Grenade Launcher Build | -11 -10 -10 ------- Run | Yrd Mat Sub Slots Evolved . | . . . Power . | . . . Propulsion . | . . . Utility . | . . . Weapon . | . . . Parts Attached 18 | 9 9 . Power 3 | 1 2 . Engine 3 | 1 2 . Core . | . . . Reactor . | . . . Propulsion 5 | 4 1 . Treads 3 | 2 1 . Leg . | . . . Wheel 2 | 2 . . Hover . | . . . Flight . | . . . Utility 4 | 2 2 . Device 2 | 1 1 . Storage 2 | 1 1 . Processor . | . . . Hackware . | . . . Protection . | . . . Artifact . | . . . Weapon 6 | 2 4 . Energy Gun . | . . . Energy Cannon . | . . . Ballistic Gun 5 | 2 3 . Ballistic Cannon . | . . . Launcher 1 | . 1 . Special Weapon . | . . . Impact Weapon . | . . . Slashing Weapon . | . . . Piercing Weapon . | . . . Special Melee Weapon . | . . . Unidentified Prototypes 1 | . 1 . Parts Lost 7 | . 5 2 Power 3 | . 2 1 Propulsion 2 | . 1 1 Utility 1 | . 1 . Weapon 1 | . 1 . Highest Loss Streak 2 | . 2 1 To Critical Strikes . | . . . Average Backups 12 | 2 11 15 Power . | . . . Propulsion 2 | 1 3 3 Utility 3 | . 4 4 Weapon 5 | . 4 8 Tool/Special . | . . . Unused Backups 14 | . . 14 Power . | . . . Propulsion 3 | . . 3 Utility 4 | . . 4 Weapon 7 | . . 7 Tool/Special . | . . . Average Slot Usage (%) 97 | . 94 99 Engine 11 | . 9 13 Treads 19 | . 12 27 Wheel 8 | . 15 . Device 13 | . 13 14 Storage 14 | . 14 14 Ballistic Gun 27 | . 27 28 Peak Build Rating 13 | 7 13 13 Average Rating 10 | 5 8 12 On Entrance 6 | . 7 13 Naked Turns . | . . . Heaviest Build 50 | 13 50 50 Greatest Support 40 | 40 26 40 Greatest Overweight (x) 4 | . 4 4 Average Overweight (x) 2 | . 2 1 Largest Inventory Capacity 20 | 8 20 20 Average Capacity 17 | 7 16 20 Most Carried 17 | 5 17 16 Average Carried 13 | 2 11 15 Final Capacity 20 | 8 20 20 Final Carried 16 | 5 16 16 Class Distribution -------------------- 100% | Mutant Dominant Class ---------------- Mutant | -10/Materials Mutant | -10/Subcaves Resources | -11 -10 -10 ----------- Run | Yrd Mat Sub Matter Collected 1019 | 287 568 164 Remotely . | . . . Salvage Created 972 | 58 754 160 Parts 77 | 7 49 21 Haulers Intercepted 2 | . 2 . Recyclers Shooed 3 | 1 2 . Parts Field Recycled . | . . . Retrieved Matter . | . . . Parts Self-Destructed 16 | . . 16 Prevented . | . . . Kills | -11 -10 -10 ------- Run | Yrd Mat Sub Combat Hostiles Destroyed 17 | . 12 5 Guns 15 | . 10 5 AOE 2 | . 2 . Classes Destroyed 10 | 1 8 1 Worker 4 | . 4 . Tunneler 3 | 3 . . Hauler 2 | . 2 . Recycler 1 | . 1 . Mechanic 1 | . 1 . Operator 2 | . 2 . Watcher 2 | . 2 . Swarmer 5 | . 3 2 Grunt 9 | . 9 . Subdweller 3 | . . 3 Best Kill Streak 7 | 2 7 2 Combat Bots Only 3 | . 3 2 Max Kills in Single Turn 2 | 2 2 1 Gunslinging . | . . . Exploded 2 | . 2 . Melee . | . . . Uniques/NPCs Destroyed . | . . . Combat | -11 -10 -10 -------- Run | Yrd Mat Sub Hostile Shots Fired 93 | . 63 30 Missed 15 | . 10 5 Hits 78 | . 53 25 Projectile 78 | . 53 25 AOE 1 | . . 1 Critical Strikes 3 | . 2 1 Damage Taken 1114 | . 719 395 Core 265 | . 147 118 Absorbed by Shields . | . . . Core Remaining (%) 100 | 100 . . Volleys Fired 107 | 7 86 14 Largest 2 | 2 2 2 Hottest 46 | 40 46 46 Shots Fired 209 | 14 167 28 Gun 207 | 14 165 28 Cannon . | . . . Launcher 2 | . 2 . Special . | . . . Kinetic 207 | 14 165 28 Thermal . | . . . Explosive 2 | . 2 . Electromagnetic . | . . . Robot Hit Streak 16 | 2 15 16 Robot Miss Streak 5 | 3 5 2 Penetration Max . | . . . Secondary Targets . | . . . Shots Hit Robots 133 | 7 103 23 Core Hits 49 | 3 38 8 Critical Kills . | . . . Critical Parts Destroyed 1 | . 1 . Critical Strikes 1 | . 1 . Destroy 1 | . 1 . Melee Attacks . | . . . Impact . | . . . Slashing . | . . . Piercing . | . . . Sneak Attacks . | . . . Combat Hostiles . | . . . Follow-up Attacks . | . . . Damage Inflicted 1895 | 114 1431 350 Guns 1810 | 114 1346 350 Cannons . | . . . Explosions 85 | . 85 . Melee . | . . . Ramming . | . . . Kinetic 1810 | 114 1346 350 Thermal . | . . . Explosive 85 | . 85 . Electromagnetic . | . . . Impact . | . . . Slashing . | . . . Piercing . | . . . Highest Corruption 1 | . 1 1 Average Corruption 1 | . 1 1 Corruption Purged . | . . . Corruption Blocked . | . . . Effects 7 | . 2 5 Message Errors 2 | . 1 1 Matter Fused 2 | . 1 1 Heat Flow Errors 2 | . . 2 Alerts 1 | . . 1 Overload Shots . | . . . Overflow Damage . | . . . Projectiles . | . . . Explosions . | . . . Melee . | . . . Knockbacks . | . . . Impact . | . . . Kinetic . | . . . Secondary . | . . . Self-Inflicted Damage 16 | . 16 . Shots 1 | . 1 . Rammed . | . . . Targets Rammed . | . . . Kicked . | . . . Crushed . | . . . Highest Temperature 142 | . 21 142 Average Temperature 22 | . 5 75 Received Heat Transfer 465 | . 375 90 Siege Activations . | . . . Martial Activations . | . . . Shielding Activations . | . . . Robots Disrupted . | . . . Combat Hostiles . | . . . Robots Corrupted . | . . . Combat Hostiles . | . . . Parts Fried . | . . . Impact Corruptions . | . . . Robots Melted . | . . . Combat Hostiles . | . . . Parts Melted . | . . . Heat Transferred . | . . . Parts Sabotaged . | . . . Parts Stolen . | . . . Parts Stripped . | . . . Power Chain Reactions . | . . . Alert | -11 -10 -10 ------- Run | Yrd Mat Sub Maximum Alert Level . | . . . Low Security (%) 100 | 100 100 . Level 1 . | . . . Level 2 . | . . . Level 3 . | . . . Level 4 . | . . . Level 5 . | . . . High Security . | . . . Max Security . | . . . Peak Influence 78 | 10 78 . Initial 3 | . 3 . Average 20 | 1 22 . Influence Increases 513 | 15 413 85 Destroy 0b10 Robot/C 280 | . 240 40 Destroy 0b10 Robot/NC 75 | 15 60 . Destroy Leader 68 | . 68 . Disable Machine 15 | . 15 . Destroy Structure 15 | . 15 . Partial Spotted 15 | . 15 . Lose Combat Pursuer 45 | . . 45 Influence Decreases 513 | 10 382 121 Entered New Map 20 | . 2 18 Time Decay 473 | 10 360 103 Lost Part 20 | . 20 . Squads Dispatched 3 | . 3 . Investigation 1 | . 1 . Extermination . | . . . Reinforcement 2 | . 2 . Assault . | . . . Garrison . | . . . Intercept . | . . . Searches Triggered . | . . . Construction Impeded . | . . . Haulers Reinforced . | . . . Active Scanning Responses . | . . . Cargo Convoy Interrupts . | . . . Stealth | -11 -10 -10 --------- Run | Yrd Mat Sub Distress Signals 1 | . 1 . Communications Jammed . | . . . Distress Signals . | . . . Times Spotted 29 | . 22 7 Peak Tracking Total 5 | . 3 5 Tactical Retreats 2 | . . 2 Traps | -11 -10 -10 ------- Run | Yrd Mat Sub Traps Triggered 2 | . 2 . Indirectly . | . . . Trap Hack Attempts . | . . . Triggered . | . . . Disarmed . | . . . Reprogrammed . | . . . Reused . | . . . Traps Extracted . | . . . Installed . | . . . Triggered . | . . . Machines | -11 -10 -10 ---------- Run | Yrd Mat Sub Machines Disabled 1 | . 1 . Max in Single Turn 1 | . 1 . Machines Repaired . | . . . Machines Dismantled . | . . . Machines Sabotaged . | . . . Overloaded Fab Kills . | . . . Hacking | -11 -10 -10 --------- Run | Yrd Mat Sub Machines Accessed 3 | . 3 . Terminals 3 | . 3 . Fabricators . | . . . Repair Stations . | . . . Recycling Units . | . . . Scanalyzers . | . . . Garrison Access . | . . . Total Hacks 5 | . 5 . Successful 1 | . 1 . Failed 4 | . 4 . Catastrophic 1 | . 1 . Database Lockouts . | . . . Manual 6 | . 6 . Terminals 5 | . 5 . Fabricators . | . . . Repair Stations . | . . . Recycling Units . | . . . Scanalyzers . | . . . Garrison Access . | . . . Terminal Hacks . | . . . Fabricator Hacks . | . . . Repair Station Hacks . | . . . Recycling Unit Hacks . | . . . Scanalyzer . | . . . Garrison Access Hacks . | . . . Unauthorized Hacks 1 | . 1 . Terminals 1 | . 1 . Skim 1 | . 1 . Fabricators . | . . . Repair Stations . | . . . Recycling Units . | . . . Scanalyzers . | . . . Garrison Access . | . . . Data Cores Recovered 1 | . 1 . Used 1 | . 1 . Hacking Detections 2 | . 2 . Full Trace Events 1 | . 1 . Feedback Events . | . . . Feedback Blocked . | . . . Robot Schematics Acquired . | . . . Robots Built . | . . . Authchips . | . . . Time . | . . . Total Robot Build Rating . | . . . Part Schematics Acquired . | . . . Parts Built . | . . . Authchips . | . . . Time . | . . . Total Part Build Rating . | . . . Parts Repaired . | . . . Time . | . . . Parts Recycled . | . . . Recycled Matter . | . . . Retrieved Matter . | . . . Retrieved Components . | . . . Parts Scanalyzed . | . . . Part Schematics Acquired . | . . . Parts Damaged . | . . . Bothacking | -11 -10 -10 ------------ Run | Yrd Mat Sub Used RIF Installer . | . . . Robots Hacked . | . . . Non-combat . | . . . Combat . | . . . Robot Hacks Applied . | . . . Relay Couplers Released . | . . . Fabnet Peak Effective % . | . . . Robots Rewired . | . . . Allies Hacked . | . . . Hacks Repelled . | . . . Allies | -11 -10 -10 -------- Run | Yrd Mat Sub Total Allies . | . . . Largest Group . | . . . Highest-Rated Group . | . . . Highest-Rated Ally . | . . . Total Orders . | . . . Ally Attacks . | . . . Total Damage . | . . . Kills . | . . . Allies Corrupted . | . . . Allies Melted . | . . . Intel | -11 -10 -10 ------- Run | Yrd Mat Sub Active Infowar (turns) 2718 | 28 1369 1321 Seismic 2718 | 28 1369 1321 Robot Analysis Total . | . . . Derelict Logs Recovered 1 | . . 1 Drone Launches . | . . . Drone Recoveries . | . . . Exploration | -11 -10 -10 ------------- Run | Yrd Mat Sub Turns Passed 2832 | 134 1377 1321 Spaces Moved 1281 | 78 676 527 Core 2 | 2 . . Treads 519 | 37 3 479 Legs . | . . . Wheels 760 | 39 673 48 Hover . | . . . Flight . | . . . Fastest Speed 50 | 50 80 140 Average Speed 168 | 122 125 230 Slowest Speed 320 | 160 320 240 Overloaded Moves . | . . . Propulsion Burnouts . | . . . Robots Hopped . | . . . Potential Cave-ins . | . . . Cave-ins Triggered . | . . . Exploration Rate (%) 48 | 5 95 44 Regions Visited 2 Branch Regions 1 Pre-discovered Areas . | . . . Known Exits Taken . | . . . Unknown Exits Taken 2 | 1 1 . Scrap Searched . | . . . Spaces Dug . | . . . Terrain Destroyed 15 | . 15 . Melee . | . . . Projectile . | . . . AOE 15 | . 15 . Terrain Rammed . | . . . Walls Destroyed . | . . . Machines Disabled . | . . . Actions | -11 -10 -10 --------- Run | Yrd Mat Sub Total 1740 | 98 1039 603 Wait 304 | . 244 60 Move 1279 | 77 675 527 Hop . | . . . Pick Up 22 | 5 16 1 Fast Attach 11 | 7 4 . Attach 5 | . 4 1 Detach . | . . . Swap 7 | 2 5 . Drop 5 | . 5 . Fire 107 | 7 86 14 Melee . | . . . Ram . | . . . Kick . | . . . Crush . | . . . Escape Stasis . | . . . Rewire . | . . . Trap . | . . . Miscellaneous . | . . . Route ------- -11/Scrapyard -10/Materials (discovered 5 exits: [*Mat x3] / [*Min] / [*Sub]) -10/Subcaves History --------- Turn | Location | Event 22 | -11/Scrapyard | Discovered new exit (range 15) 135 | -11/Scrapyard | Entered Materials 260 | -10/Materials | Discovered new exit (range 9) 307 | -10/Materials | Build established: Mutant 1010 | -10/Materials | Core integrity fell below 50% 1031 | -10/Materials | Discovered new exit (range 8) 1205 | -10/Materials | Discovered new exit (range 10) 1441 | -10/Materials | Discovered new exit (range 10) 1493 | -10/Materials | Discovered new exit (range 7) 1512 | -10/Materials | Entered Subcaves 2167 | -10/Subcaves | Shifting Twisted Machinery released Sub. Beam Cannon 2567 | -10/Subcaves | Shifting Twisted Machinery released Scrap Shield 2567 | -10/Subcaves | Shifting Twisted Machinery released Scrap Shield 2807 | -10/Subcaves | Core integrity fell below 20% 2833 | -10/Subcaves | Destroyed by D2-V9V(R) with Subdweller Shrapnel Launcher Last Messages --------------- 02223_ Flight Unit fries itself beyond repair. 02223_ Acquired 18 matter. 02224_ Flight Unit fries itself beyond repair. 02224_ Subatomizers dissect the Lgt. Ion Engine. 02229_ Lgt. Ion Engine fries itself beyond repair. 02229_ Lgt. Assault Rifle fries itself beyond repair. 02234_ Lgt. Ion Engine fries itself beyond repair. 02236_ Flight Unit fries itself beyond repair. Scrap Shield falls loose from the Twisted Machinery. 02645_ System corrupted: IFF burst signal emitted. 02695_ IRVIG:BPJGFN NOLKYDNVAE%L80#| 02712_ System corrupted: Heat flow error (+144). 02797_ Subatomizers dissect the Multitool. 02803_ 7U-AT0(R): "ARGHSUB!" 02808_ Lgt. Ion Engine destroyed. 02812_ Subatomizers dissect the Multitool, destroying it. 02814_ 43-GHA(R) destroyed. 02817_ 7U-AT0(R) destroyed. 02832_ D2-V9V(R) affixes Scrap Shield Fragment to Scrap Shield. 02833_ Subatomizers dissect the Sub. Monowheel. Map ----- +----------------------------------------------------+ | ?????????????????????????????????????????????????? | | ?????????????????????????????????????????????????? | | ?????????????????????????????????????????????????? | | ?????????????????????????????????????????????????? | | ?????????????????????????????????????????????????? | | ?????????????????????????????????????????????????? | | ?????????????????????????????????????????????????? | | ????????????????????????????? ???????????????????? | | ????????????????????????????? "??????????????????? | | ???????????????????????????? ??????????????????? | | ????????????????????????????" ??????????????????? | | ????????????????????????????" ??????????????????? | | ???????????????????????????? ?????????????????? | | ????????????????????????????# #?????????????????? | | ???????????????????????????? #?????????????????? | | ???????????????????????????## ?????????????????? | | ???????????????????????????? ?????????????????? | | ????????????????????????????# ?????????????????? | | ???????????????????????????## ?????????????????? | | ???????????????????????????# #?????????####????? | | ??????????????????#####???## ###??????## ####? | | ????????????????" << < #### ##?????# #? | | ????????????????? < <<<<### # #???#### #" | | ?????????????????"<<<<< ! ## # #??## ### " "# | | ????????????????? <<<